 Dungeon Crawl Stone Soup version 0.26.0-10-g1f06aea511 (webtiles) character file.

Game seed: 1364773804921605387

131 Inarius the Sneak (level 5, -2/41 HPs)
             Began as a Barachi Brigand on Jan 17, 2021.
             Succumbed to an orc's poison
             ... on level 3 of the Dungeon.
             The game lasted 00:04:09 (2989 turns).

Inarius the Sneak (Barachi Brigand)                 Turns: 2989, Time: 00:04:09

Health: -2/41      AC:  9    Str: 13    XL:     5   Next: 14%
Magic:  5/5        EV:  6    Int: 11    God:
Gold:   104        SH:  0    Dex: 14    Spells: 4/4 levels left

rFire    . . .     SeeInvis .   a - +2 dagger
rCold    . . .     Faith    .   (no shield)
rNeg     . . .     Spirit   .   s - +0 chain mail
rPois    .         Reflect  .   (no helmet)
rElec    .         Harm     .   c - +0 cloak
rCorr    .         Rampage  .   (no gloves)
Will     .....                  (no boots)
Stlth    ..........             (no amulet)
HPRegen  0.13/turn              (no ring)
MPRegen  0.09/turn              (no ring)

@: lethally poisoned (-2 -> -40), flying, slow
A: +LOS, swims, slowness 1, strong legs 1
a: Hop


You were on level 3 of the Dungeon.
You visited 1 branch of the dungeon, and saw 3 of its levels.

You collected 104 gold pieces.

Inventory:

Hand Weapons
 a - a +2 dagger (weapon)
 g - a +0 short sword
Missiles
 d - 7 poisoned darts (quivered)
 e - 2 curare-tipped darts
 l - 3 boomerangs
Armour
 c - a +0 cloak (worn)
 f - a +0 ring mail
 r - a +0 scale mail
 s - a +0 chain mail (worn)
Wands
 q - a wand of polymorph (6)
Scrolls
 b - a scroll of enchant weapon {unknown}
 h - 4 scrolls of teleportation {unknown}
 i - 3 scrolls of remove curse {unknown}
 m - 3 scrolls of fear {unknown}
 n - 4 scrolls of identify {unknown}
 o - a scroll of amnesia {unknown}
 p - a scroll of magic mapping {unknown}
Potions
 j - a potion of flight


   Skills:
 + Level 3.0 Fighting
 + Level 3.6(4.1) Short Blades
 * Level 3.0(4.0) Long Blades
 + Level 2.1 Throwing
 + Level 1.5 Armour
 + Level 1.8 Dodging
 - Level 3.6 Stealth


You had 4 spell levels left.
You didn't know any spells.
Your spell library was empty.

Dungeon Overview and Level Annotations

Branches:
Dungeon (3/15)

Altars:
Wu Jian


Innate Abilities, Weirdness & Mutations

You can be seen from farther away. (+LOS)
You can swim through water.
You cover ground slowly.
You can hop short distances.


Message History

You feel sick. The orc hits you but does no damage.
You are more poisoned.
Your chain mail prevents you from hitting the orc.
The orc is heavily wounded.
You feel very sick.
You kill the orc!
The orc priest invokes the aid of Beogh against you.
Pain shoots through your body!
* * * LOW HITPOINT WARNING * * *
Throw: 8 darts (poison)
Press: ? - help, Q - select action, (/) - cycle Shift-Dir - straight line, f - orc priest
Aim: an orc priest, wielding a +0 short sword You throw a poisoned dart.
The poisoned dart hits the orc priest.
The orc priest is poisoned.
* * * LOW HITPOINT WARNING * * *
You feel sick.
Okay, then.
You hit the orc priest.
The orc priest is moderately wounded.
You die...

#########.##.##.# .....
#.........รท.....#
..... #.#######.#.#####
.... #.# #...# ...
#.#######..######### .
#.#.................
#............o......
####.#.###.#o##########
#...........(o@........
#.##.#.###.#.##########
#.##.#.# #...# #.##.#.#
#...# #.##.#.# #...#
#.##.#.# #.#.# #.##.#.#
..#.# #.##.#.##..#.#
#.##.#.#...#.#


You could see an orc priest (poisoned) and an orc.

Vanquished Creatures
  5 adders
  An ooze (D:1)
  A worm (D:3)
  A leopard gecko (D:1)
  3 orcs (D:3)
  2 ball pythons
  A giant cockroach (D:3)
  9 goblins
  10 hobgoblins
  12 jackals
  A quokka (D:3)
  7 bats
  5 frilled lizards
  4 kobolds
  7 rats
69 creatures vanquished.

Vanquished Creatures (others)
  2 plants (D:3)
2 creatures vanquished.

Grand Total: 71 creatures vanquished

Notes
Turn   | Place    | Note
-------+----------+-------------------------------------------
     0 | D:1      | Inarius the Barachi Brigand began the quest for the Orb.
     0 | D:1      | Reached XP level 1. HP: 17/17 MP: 1/1
    68 | D:1      | Reached skill level 1 in Long Blades
   131 | D:1      | Reached XP level 2. HP: 23/23 MP: 2/2
   445 | D:1      | Reached XP level 3. HP: 28/28 MP: 3/3
  1357 | D:2      | Reached XP level 4. HP: 33/34 MP: 4/4
  1614 | D:2      | Reached skill level 1 in Armour
  1956 | D:2      | Found an ornate altar of the Wu Jian Council.
  2695 | D:3      | Reached XP level 5. HP: 41/41 MP: 5/5
  2731 | D:3      | Found a faded altar of an unknown god.
  2987 | D:3      | HP: 2/41 [orc priest/nerve-wracking pain (14)]
  2989 | D:3      | Succumbed to an orc's poison

Illustrated notes

Levels and vault maps discovered:
D:1:      scummos_arrival_checkerplants, layout_basic
D:2:      layout_loops_corners, pdpol_wu_jian_five_deadly_venoms,
          hangedman_decor_clover_reticule
D:3:      layout_basic, chequers_ecumenical_altar_lobes, kennysheep_nondescript,
          minmay_misc_feat_secret_circle, minivault_19

Skill      XL: |  1  2  3  4  5 |
---------------+----------------+-----
Long Blades    | 1 2 3 |  3.0
Short Blades   | 3 |  3.6
Armour         | 1 |  1.5
Fighting       | 3 |  3.0
Throwing       | |  2.1
Dodging        | |  1.8
Stealth        | |  3.6

Action                   |  1- 3 |  4- 6 || total
-------------------------+-------+-------++-------
Melee: Dagger            |   114 |   152 ||   266
Throw: Boomerang         |     4 |    26 ||    30
       Dart              |       |     5 ||     5
  Use: Potion            |       |     2 ||     2
 Stab: Sleeping          |     2 |     1 ||     3
       Distracted        |       |     1 ||     1
Armor: Ring mail         |    37 |    64 ||   101
       Chain mail        |       |    28 ||    28
       Scale mail        |       |     3 ||     3
Dodge: Dodged            |    51 |    87 ||   138
